AoeStats
← RiGhT

Arena

510840816Analyzed
4v4 RM · 8h ago on Oct 2, 2026· 46m 24s· 8 players
Game mode
Random Map
Map size
Large (8 player)
Population
200
Speed
Normal
Resources
Standard
Victory
Conquest
Starting age
Dark Age
Ending age
Imperial Age
RankedLock teamsTeams togetherTeam positionsShared explorationLock speedFull tech treeHidden civsTurbo modeCheats
Victory
Defeat
🇮🇳 Varangians · India
1199
+15
🇹🇷 Burmese · Türkiye
1186
+16
🇸🇪 Italians · Sweden
1132
+18
🇰🇬 Saxons · Kyrgyzstan
1129
+18
🇺🇸 Franks · United States
1270
-20
🇧🇷 Persians · Brazil
1209
-18
🇧🇷 Britons · Brazil
1167
-16
🇬🇧 Saxons · United Kingdom
1093
-13
fcureklibatur
10:45 Feudal Age
14:45 Castle Age
13:14 Horse Collar
15:42 Heavy Plow
19:10 Loom
21:16 Wheelbarrow
20:38 Gold Mining
24:28 Gold Shaft Mining
24:14 Hand Cart
26:15 Fortified Wall
26:05 Treadmill Crane
29:04 Imperial Age
27:05 Forging
26:56 Scale Mail Armor
27:19 Squires
27:05 Gambesons
27:33 Arson
27:49 Pikeman
29:06 Iron Casting
28:47 Chain Mail Armor
30:26 Crop Rotation
30:58 Blast Furnace
30:29 Plate Mail Armor
29:23 Halberdier
31:59 Stone Mining
Ernst
10:06 Feudal Age
11:35 Horse Collar
11:41 Double-Bit Axe
17:16 Castle Age
16:57 Stone Mining
18:48 Heavy Plow
19:59 Loom
22:06 Town Watch
22:58 Wheelbarrow
22:40 Bow Saw
22:29 Fletching
23:02 Gold Mining
28:20 Imperial Age
26:23 Padded Archer Armor
27:02 Bodkin Arrow
28:28 Elite Genoese Crossbowman
29:30 Conscription
30:22 Stone Shaft Mining
30:20 Crop Rotation
31:32 Two-Man Saw
31:37 Thumb Ring
30:56 Light Cavalry
31:37 Husbandry
31:48 Bloodlines
31:57 Leather Archer Armor
32:48 Chemistry
32:10 Ballistics
34:32 Hand Cart
34:23 Bracer
34:29 Scale Barding Armor
34:56 Ring Archer Armor
34:59 Hussar
36:50 Forging
37:01 Chain Barding Armor
40:00 Iron Casting
40:01 Plate Barding Armor
42:40 Blast Furnace
42:14 Guilds
42:34 Coinage
42:05 Caravan
42:28 Silk Road
47:00 Banking
Te0n
10:36 Feudal Age
14:37 Castle Age
13:02 Double-Bit Axe
13:09 Horse Collar
16:33 Bow Saw
21:36 Gold Mining
23:16 Wheelbarrow
24:21 Heavy Plow
24:45 Stone Mining
25:39 Hand Cart
25:38 Scale Mail Armor
25:48 Forging
25:32 Fletching
26:35 Gambesons
26:50 Squires
26:36 Arson
27:11 Chain Mail Armor
28:30 Iron Casting
27:51 Bodkin Arrow
28:37 Padded Archer Armor
29:39 Loom
29:41 Town Watch
32:53 Imperial Age
29:50 Crossbowman
30:36 Thumb Ring
30:24 Man-at-Arms
31:37 Ballistics
31:28 Fortified Wall
30:59 Treadmill Crane
31:50 Town Patrol
32:02 Masonry
31:48 Murder Holes
31:41 Long Swordsman
33:14 Two-Handed Swordsman
34:27 Plate Mail Armor
33:58 Bracer
34:14 Leather Archer Armor
33:30 Shield Wall
34:32 Conscription
34:48 Hoardings
34:03 Arbalester
34:28 Champion
37:59 Chemistry
37:35 Ring Archer Armor
37:01 Champion
38:59 Gold Shaft Mining
40:33 Elite Varangian Guard
RiGhT
10:14 Feudal Age
13:57 Castle Age
11:52 Double-Bit Axe
11:59 Horse Collar
15:06 Bow Saw
24:07 Heavy Plow
25:25 Wheelbarrow
24:36 Loom
29:27 Imperial Age
27:36 Hand Cart
27:36 Squires
27:21 Gambesons
27:21 Arson
27:54 Scale Mail Armor
28:13 Gold Mining
28:40 Fortified Wall
28:11 Treadmill Crane
29:11 Chain Mail Armor
29:09 Forging
29:12 Stone Mining
29:52 Fletching
30:34 Masonry
30:22 Murder Holes
29:55 Capped Ram
31:46 Plate Mail Armor
32:13 Iron Casting
33:02 Chemistry
32:37 Architecture
33:08 Chemistry
32:56 Ballistics
32:32 Murder Holes
33:10 Bodkin Arrow
33:25 Elite Varangian Guard
35:03 Crop Rotation
35:44 Two-Man Saw
35:26 Bracer
36:31 Blast Furnace
36:08 Conscription
35:12 Gothikon
36:01 Onager
36:04 Siege Ram
40:52 Man-at-Arms
41:36 Bracer
42:38 Stone Shaft Mining
Pintley
9:54 Feudal Age
10:32 Feudal Age
10:58 Horse Collar
11:06 Double-Bit Axe
17:38 Castle Age
15:59 Gold Mining
15:50 Man-at-Arms
16:48 Loom
19:05 Wheelbarrow
19:55 Town Watch
21:02 Gambesons
21:51 Bow Saw
22:12 Scale Mail Armor
22:53 Squires
24:44 Chain Mail Armor
23:52 Long Swordsman
27:02 Arson
27:59 Hand Cart
28:17 Forging
28:49 Heavy Plow
30:02 Iron Casting
31:37 Gold Shaft Mining
36:17 Imperial Age
39:18 Imperial Age
byersg4
11:22 Feudal Age
13:12 Double-Bit Axe
15:49 Castle Age
22:33 Wheelbarrow
22:45 Gold Mining
23:24 Bow Saw
24:28 Gold Shaft Mining
25:34 Hand Cart
25:05 Town Watch
25:06 Loom
26:04 Stone Mining
29:17 Imperial Age
27:04 Scale Barding Armor
27:10 Forging
27:15 Fortified Wall
26:48 Treadmill Crane
27:18 Devotion
27:30 Bow Saw
27:34 Husbandry
28:10 Chain Barding Armor
29:24 Iron Casting
30:28 Caravan
31:43 Plate Barding Armor
32:09 Blast Furnace
30:31 Cavalier
32:18 Chemistry
31:25 Siege Engineers
32:09 Chivalry
32:31 Conscription
32:48 Hoardings
32:50 Paladin
Chefia Dixavas
8:38 Loom
10:50 Feudal Age
11:19 Horse Collar
11:26 Double-Bit Axe
17:12 Castle Age
16:20 Stone Mining
16:22 Gold Mining
16:47 Loom
17:39 Wheelbarrow
18:52 Bow Saw
23:06 Town Watch
23:55 Heavy Plow
25:15 Gold Shaft Mining
25:28 Fletching
26:35 Hand Cart
31:28 Imperial Age
29:13 Padded Archer Armor
30:37 Bodkin Arrow
31:08 Ballistics
31:23 Leather Archer Armor
32:13 Yeomen
32:00 Murder Holes
32:17 Masonry
32:24 Bracer
32:50 Conscription
33:12 Ring Archer Armor
33:52 Chemistry
33:03 Masonry
33:05 Elite Longbowman
HAHA
11:15 Feudal Age
15:03 Castle Age
13:22 Horse Collar
13:29 Double-Bit Axe
14:48 Loom
16:59 Bow Saw
16:54 Town Watch
21:38 Wheelbarrow
22:57 Caravan
23:10 Gold Mining
28:43 Imperial Age
26:37 Stone Mining
28:16 Hand Cart
28:24 Forging
28:20 Scale Barding Armor
28:28 Heavy Camel Rider
29:20 Bloodlines
32:08 Chemistry
31:29 Ballistics
35:38 Conscription
35:24 Murder Holes
35:40 Masonry
39:18 Heavy Plow
41:01 Fletching
41:11 Padded Archer Armor
41:33 Citadels
43:14 Leather Archer Armor
42:55 Bodkin Arrow
46:36 Ring Archer Armor
Connection lost

Rejoining the realm…

Still unreachable

The connection could not be restored.

Session expired

The server has moved on; the page needs a fresh start.